PL
BOSTON PATRIOTS @ VANCOUVER GREY WOLVES
09/21/2024
 
TOP OF THE 1ST
Boston Patriots batting - Pitching for Vancouver Grey Wolves : RHP George Frazier
Pitching: RHP George Frazier
Batting: RHB Karl Schultz 0-0: Ball
1-0: Called Strike
1-1: Ground out 6-3 (Groundball, 6)
Batting: RHB Wilfred McLaughlin 0-0: Swinging Strike
0-1: Ball
1-1: Ball
2-1: Foul Ball, location: 2F
2-2: Strikes out swinging
Batting: RHB Tommy Jones 0-0: Ball
1-0: Called Strike
1-1: Fly out, F2 (Popup, 2RF)
Top of the 1st over - 0 run(s), 0 hit(s), 0 error(s), 0 left on base; Boston 0 - Vancouver 0
BOTTOM OF THE 1ST
Vancouver Grey Wolves batting - Pitching for Boston Patriots : LHP Eugene Clarkston
Pitching: LHP Eugene Clarkston
Batting: SHB Gregg Wagner 0-0: Ball
1-0: Fly out, F9 (Line Drive, 9D)
Batting: LHB Héctor Cortéz 0-0: Ground out 6-3 (Groundball, 6M)
Batting: RHB Enrique Fuentes 0-0: Called Strike
0-1: Fly out, F8 (Line Drive, 8LD)
Bottom of the 1st over - 0 run(s), 0 hit(s), 0 error(s), 0 left on base; Boston 0 - Vancouver 0
TOP OF THE 2ND
Boston Patriots batting - Pitching for Vancouver Grey Wolves : RHP George Frazier
Batting: RHB Terry Armstrong 0-0: Ball
1-0: Foul Ball, location: 2F
1-1: Ball
2-1: Foul Ball, location: 2F
2-2: Foul Ball, location: 2F
2-2: DOUBLE (Line Drive, 7LD)
Batting: LHB Bill Chambers 0-0: Ball
1-0: Ball
2-0: Called Strike
2-1: Called Strike
2-2: Ball
3-2: Ground out 4-3 (Groundball, 4)
Terry Armstrong to third
Batting: RHB Tamasaburo Kato 0-0: Ball
1-0: Swinging Strike
1-1: Swinging Strike
1-2: Ball
2-2: Fly out, F7 (Flyball, 7D)
Runner from 3rd tags up, SCORES, throw made
Batting: LHB Ki-tak Im 0-0: Called Strike
0-1: Fly out, F8 (Flyball, 8LD)
Top of the 2nd over - 1 run(s), 1 hit(s), 0 error(s), 0 left on base; Boston 1 - Vancouver 0
BOTTOM OF THE 2ND
Vancouver Grey Wolves batting - Pitching for Boston Patriots : LHP Eugene Clarkston
Batting: LHB José Alonso 0-0: Called Strike
0-1: Called Strike
0-2: Foul Ball, location: 2F
0-2: Ball
1-2: Ball
2-2: Ball
3-2: Ground out 5-3 (Groundball, 56)
Batting: RHB Alfredo Méndez 0-0: Fly out, F8 (Flyball, 8RD)
Batting: LHB Min-heui Im 0-0: SINGLE (Flyball, 78S)
Batting: RHB Danny Walsh 0-0: Ball
1-0: Ball
2-0: Ball
3-0: Called Strike
3-1: Foul Ball, location: 2F
3-2: SINGLE (Line Drive, 34D)
Min-heui Im to second
Min-heui Im to third
Batting: LHB Timmy Appeldoorn 0-0: Called Strike
0-1: Foul Ball, location: 2F
0-2: Ball
1-2: Ground out 4-3 (Groundball, 4)
Bottom of the 2nd over - 0 run(s), 2 hit(s), 0 error(s), 2 left on base; Boston 1 - Vancouver 0
TOP OF THE 3RD
Boston Patriots batting - Pitching for Vancouver Grey Wolves : RHP George Frazier
Batting: LHB Jorge Pérez 0-0: Ball
1-0: Swinging Strike
1-1: Foul Ball, location: 2F
1-2: Ball
2-2: Ball
3-2: Base on Balls
Batting: RHB Logan Cole 0-0: Called Strike
0-1: Ball
1-1: Foul Ball, location: 2F
1-2: Ball
2-2: Foul Ball, location: 2F
2-2: Foul Ball, location: 2F
2-2: Strikes out swinging
Batting: RHB Karl Schultz 0-0: Called Strike
0-1: Ball
1-1: Foul Ball, location: 2F
1-2: Ball
2-2: Ground out 5-3 (Groundball, 56S)
Jorge Pérez to second
Batting: RHB Wilfred McLaughlin 0-0: Called Strike
0-1: Ball
1-1: Ball
2-1: Ground out 6-3 (Groundball, 6)
Top of the 3rd over - 0 run(s), 0 hit(s), 0 error(s), 1 left on base; Boston 1 - Vancouver 0
BOTTOM OF THE 3RD
Vancouver Grey Wolves batting - Pitching for Boston Patriots : LHP Eugene Clarkston
Batting: LHB David Hubbard 0-0: Called Strike
0-1: Ball
1-1: Ball
2-1: Foul Ball, location: 2F
2-2: Strikes out swinging
Batting: SHB Gregg Wagner 0-0: Ball
1-0: Foul Ball, location: 2F
1-1: Fly out, F9 (Flyball, 9D)
Batting: LHB Héctor Cortéz 0-0: Fly out, F9 (Flyball, 9D)
Bottom of the 3rd over - 0 run(s), 0 hit(s), 0 error(s), 0 left on base; Boston 1 - Vancouver 0
TOP OF THE 4TH
Boston Patriots batting - Pitching for Vancouver Grey Wolves : RHP George Frazier
Batting: RHB Tommy Jones 0-0: Called Strike
0-1: Swinging Strike
0-2: Strikes out swinging
Batting: RHB Terry Armstrong 0-0: Called Strike
0-1: Swinging Strike
0-2: Ground out 5-3 (Groundball, 56)
Batting: LHB Bill Chambers 0-0: Ball
1-0: Called Strike
1-1: Fly out, F7 (Line Drive, 78S)
Top of the 4th over - 0 run(s), 0 hit(s), 0 error(s), 0 left on base; Boston 1 - Vancouver 0
BOTTOM OF THE 4TH
Vancouver Grey Wolves batting - Pitching for Boston Patriots : LHP Eugene Clarkston
Batting: RHB Enrique Fuentes 0-0: Ball
1-0: Swinging Strike
1-1: DOUBLE (Line Drive, 78XD)
Batting: LHB José Alonso 0-0: Ball
1-0: SINGLE (Groundball, 4MD)
Enrique Fuentes to third
Batting: RHB Alfredo Méndez 0-0: Called Strike
0-1: Ball
1-1: Ball
2-1: Ball
3-1: Base on Balls
José Alonso to second
Batting: LHB Min-heui Im 0-0: Called Strike
0-1: Ball
1-1: Swinging Strike
1-2: Strikes out swinging
Batting: RHB Danny Walsh 0-0: Ball
1-0: Foul Ball, location: 2F
1-1: Swinging Strike
1-2: Strikes out swinging
Batting: LHB Timmy Appeldoorn 0-0: Called Strike
0-1: Swinging Strike
0-2: Ball
1-2: Ball
2-2: Strikes out looking
Bottom of the 4th over - 0 run(s), 2 hit(s), 0 error(s), 3 left on base; Boston 1 - Vancouver 0
TOP OF THE 5TH
Boston Patriots batting - Pitching for Vancouver Grey Wolves : RHP George Frazier
Batting: RHB Tamasaburo Kato 0-0: Ball
1-0: Ground out 6-3 (Groundball, 6S)
Batting: LHB Ki-tak Im 0-0: Swinging Strike
0-1: Foul Ball, location: 2F
0-2: Fly out, F8 (Flyball, 8LD)
Batting: LHB Jorge Pérez 0-0: Called Strike
0-1: Ball
1-1: Called Strike
1-2: Ground out 4-3 (Groundball, 4M)
Top of the 5th over - 0 run(s), 0 hit(s), 0 error(s), 0 left on base; Boston 1 - Vancouver 0
BOTTOM OF THE 5TH
Vancouver Grey Wolves batting - Pitching for Boston Patriots : LHP Eugene Clarkston
Batting: LHB David Hubbard 0-0: Called Strike
0-1: Ball
1-1: Ball
2-1: Called Strike
2-2: Ball
3-2: Foul Ball, location: 2F
3-2: Foul Ball, location: 2F
3-2: SINGLE (Groundball, 3D)
Batting: SHB Gregg Wagner 0-0: Sac Bunt - play at second, runner OUT! 1-6
Batting: LHB Héctor Cortéz 0-0: Foul Ball, location: 2F
0-1: Called Strike
0-2: Fly out, F8 (Flyball, 8LM)
Batting: RHB Enrique Fuentes 0-0: Foul Ball, location: 2F
0-1: Ground out 5-3 (Groundball, 5)
Bottom of the 5th over - 0 run(s), 1 hit(s), 0 error(s), 1 left on base; Boston 1 - Vancouver 0
TOP OF THE 6TH
Boston Patriots batting - Pitching for Vancouver Grey Wolves : RHP George Frazier
Batting: RHB Logan Cole 0-0: Called Strike
0-1: Foul Ball, location: 2F
0-2: Ground out 5-3 (Groundball, 56S)
Batting: RHB Karl Schultz 0-0: Foul Ball, location: 2F
0-1: Ball
1-1: Fly out, F8 (Flyball, 8LD)
Batting: RHB Wilfred McLaughlin 0-0: Called Strike
0-1: Ball
1-1: Called Strike
1-2: Strikes out looking
Top of the 6th over - 0 run(s), 0 hit(s), 0 error(s), 0 left on base; Boston 1 - Vancouver 0
BOTTOM OF THE 6TH
Vancouver Grey Wolves batting - Pitching for Boston Patriots : LHP Eugene Clarkston
Batting: LHB José Alonso 0-0: Ball
1-0: Foul Ball, location: 2F
1-1: Foul Ball, location: 2F
1-2: Fly out, F8 (Flyball, 8RD)
Batting: RHB Alfredo Méndez 0-0: Ball
1-0: Ball
2-0: Ball
3-0: Called Strike
3-1: Foul Ball, location: 2F
3-2: Fly out, F6 (Popup, 6MD)
Batting: LHB Min-heui Im 0-0: Ball
1-0: Foul Ball, location: 2F
1-1: Ball
2-1: Foul Ball, location: 2F
2-2: Foul Ball, location: 2F
2-2: Foul Ball, location: 2F
2-2: Ball
3-2: Base on Balls
Pitching: RHP Jeff Territt
Batting: RHB Danny Walsh 0-0: Ball
1-0: Ball
Min-heui Im is caught stealing 2nd base
Bottom of the 6th over - 0 run(s), 0 hit(s), 0 error(s), 0 left on base; Boston 1 - Vancouver 0
TOP OF THE 7TH
Boston Patriots batting - Pitching for Vancouver Grey Wolves : RHP George Frazier
Batting: RHB Tommy Jones 0-0: Called Strike
0-1: Swinging Strike
0-2: Foul Ball, location: 2F
0-2: Ball
1-2: Ball
2-2: Ball
3-2: Fly out, F9 (Flyball, 9S)
Batting: RHB Terry Armstrong 0-0: Foul Ball, location: 2F
0-1: Ball
1-1: Ball
2-1: Ball
3-1: Ground out 1-3 (Groundball, 23)
Batting: LHB Bill Chambers 0-0: Ball
1-0: Ground out 4-3 (Groundball, 4M)
Top of the 7th over - 0 run(s), 0 hit(s), 0 error(s), 0 left on base; Boston 1 - Vancouver 0
BOTTOM OF THE 7TH
Vancouver Grey Wolves batting - Pitching for Boston Patriots : RHP Jeff Territt
Batting: RHB Danny Walsh 0-0: Called Strike
0-1: Ball
1-1: Ball
2-1: Ball
3-1: Base on Balls
Batting: LHB Timmy Appeldoorn 0-0: Ball
1-0: Swinging Strike
1-1: Ball
2-1: Grounds into double play, 4-6-3 (Groundball, 4)
Batting: LHB David Hubbard 0-0: Ground out 1-3 (Groundball, 13S)
Bottom of the 7th over - 0 run(s), 0 hit(s), 0 error(s), 0 left on base; Boston 1 - Vancouver 0
TOP OF THE 8TH
Boston Patriots batting - Pitching for Vancouver Grey Wolves : RHP George Frazier
Pitching: RHP Burt Booth
Batting: RHB Tamasaburo Kato 0-0: Ball
1-0: Ball
2-0: Ball
3-0: Called Strike
3-1: Swinging Strike
3-2: SOLO HOME RUN (Flyball, 7D), Distance : 350 ft
Batting: LHB Ki-tak Im 0-0: Swinging Strike
0-1: Ball
1-1: Called Strike
1-2: Strikes out swinging
Batting: LHB Jorge Pérez 0-0: Called Strike
0-1: Ground out 1-3 (Groundball, 15)
Batting: RHB Logan Cole 0-0: Ball
1-0: Foul Ball, location: 2F
1-1: Fly out, F8 (Flyball, 8LD)
Top of the 8th over - 1 run(s), 1 hit(s), 0 error(s), 0 left on base; Boston 2 - Vancouver 0
BOTTOM OF THE 8TH
Vancouver Grey Wolves batting - Pitching for Boston Patriots : RHP Jeff Territt
Batting: SHB Gregg Wagner 0-0: Ball
1-0: Ball
2-0: Ground out U3 (Groundball, 3)
Batting: LHB Héctor Cortéz 0-0: Called Strike
0-1: Called Strike
0-2: Ball
1-2: Ball
2-2: Foul Ball, location: 2F
2-2: Strikes out swinging
Batting: RHB Enrique Fuentes 0-0: Foul Ball, location: 2F
0-1: Ball
1-1: Foul Ball, location: 2F
1-2: Ground out 1-3 (Groundball, 13S)
Bottom of the 8th over - 0 run(s), 0 hit(s), 0 error(s), 0 left on base; Boston 2 - Vancouver 0
TOP OF THE 9TH
Boston Patriots batting - Pitching for Vancouver Grey Wolves : RHP Burt Booth
Batting: RHB Karl Schultz 0-0: Ground out 5-3 (Groundball, 56S)
Batting: RHB Wilfred McLaughlin 0-0: Called Strike
0-1: Ground out 5-3 (Groundball, 56S)
Batting: RHB Tommy Jones 0-0: Called Strike
0-1: Ground out 5-3 (Groundball, 5S)
Top of the 9th over - 0 run(s), 0 hit(s), 0 error(s), 0 left on base; Boston 2 - Vancouver 0
BOTTOM OF THE 9TH
Vancouver Grey Wolves batting - Pitching for Boston Patriots : RHP Jeff Territt
Pitching: RHP Marcos López
Batting: LHB José Alonso 0-0: Called Strike
0-1: Ball
1-1: Ball
2-1: Fly out, F9 (Flyball, 9M)
Batting: RHB Alfredo Méndez 0-0: Ball
1-0: Called Strike
1-1: Ball
2-1: DOUBLE (Line Drive, 5L)
Batting: LHB Min-heui Im 0-0: Ball
1-0: Ball
2-0: Ball
3-0: Base on Balls
Batting: RHB Danny Walsh 0-0: Called Strike
0-1: Foul Ball, location: 2F
0-2: Foul Ball, location: 2F
0-2: Ball
1-2: Ball
2-2: Foul Ball, location: 2F
2-2: Ball
3-2: Base on Balls
Alfredo Méndez to third
Min-heui Im to second
Batting: LHB Timmy Appeldoorn Balk!
Alfredo Méndez scores
Min-heui Im to third
Danny Walsh to second
0-0: Called Strike
0-1: Ball
1-1: DOUBLE (Line Drive, 78D)
Min-heui Im scores
Danny Walsh scores
This league is powered by Out of the Park Baseball, the baseball management simulation game for PC, Mac and Linux
Monday, October 3rd, 2016 - OOTP Baseball 16.9 Build 39